 Dungeon Crawl Stone Soup version 0.29.1-12-g30fa7ad0bf (webtiles) character file.

Game seed: 3244476442236259625

214 styxcanada the Covert (level 5, -1/26 HPs)
             Began as a Spriggan Brigand on Dec 16, 2022.
             Slain by a gnoll
             ... wielding a +2 spear of flaming
             ... led by a gnoll bouda
              (7 damage)
             ... on level 4 of the Dungeon.
             The game lasted 00:18:12 (4238 turns).

styxcanada the Covert (Spriggan Brigand)            Turns: 4238, Time: 00:18:13

Health: -1/26      AC:  3    Str:  6 (7)  XL:     5   Next: 60%
Magic:  0/6        EV: 16    Int:  9 (10) God:
Gold:   122        SH:  6    Dex: 17 (19) Spells: 4/4 levels left

rFire   . . .      SeeInvis +   o - +2 dagger (freeze)
rCold   + + .      Faith    .   l - +1 buckler of Untold Secrets {rC+ Regen+}
rNeg    . . .      Spirit   +   b - +0 robe
rPois   .          Reflect  .   (helmet restricted)
rElec   .          Harm     .   c - +0 cloak
rCorr   .          Rampage  .   (gloves unavailable)
Will    .....                   (boots unavailable)
Stlth   ++++......              j - amulet of guardian spirit
HPRegen 0.88/turn               (no ring)
MPRegen 0.10/turn               (no ring)

@: weakened, very quick
A: very small, no large weapons, unfitting armour, see invisible, speed 3, cold
resistance 1, dopey 1
a: no special abilities


You were on level 4 of the Dungeon.
You visited 1 branch of the dungeon, and saw 4 of its levels.

You collected 122 gold pieces.

Inventory:

Hand Weapons
 a - a +2 dagger
 o - a +2 dagger of freezing (weapon)
 p - a +0 sling
Missiles
 d - 15 poisoned darts (quivered)
 e - 3 curare-tipped darts
 h - 47 stones
 k - 5 boomerangs
Armour
 b - a +0 robe (worn)
 c - a +0 cloak (worn)
 l - the +1 buckler of Untold Secrets (worn) {rC+ Regen+}
   (You acquired it on level 3 of the Dungeon)

   rC:        It protects you from cold.
   Regen:     It increases your rate of health regeneration.
Jewellery
 j - an amulet of guardian spirit (around neck)
Potions
 f - 2 potions of haste
 g - 3 potions of flight


   Skills:
 * Level 2.3 Fighting
 + Level 2.8 Short Blades
 + Level 2.5 Throwing
 * Level 2.6 Dodging
 * Level 8.6 Stealth
 * Level 0.7 Shields


You had 4 spell levels left.
You didn't know any spells.
Your spell library contained the following spells:

 Spells                   Type           Power      Damage    Failure   Level
 Sandblast                Erth           0%         2d4       65%         1
 Passwall                 Tmut/Erth      0%         N/A       78%         2
 Stone Arrow              Conj/Erth      0%         3d7       95%         3
 Fireball                 Conj/Fire      0%         3d3       100%        5
 Starburst                Conj/Fire      0%         6d3       100%        6
 Ignition                 Fire           0%         3d3       100%        8


Dungeon Overview and Level Annotations

Branches:
Dungeon (4/15)
 Temple: D:4-7

Altars:


Innate Abilities, Weirdness & Mutations

You are very small and have problems with some larger weapons.
You are too small for most types of armour.
You have supernaturally acute eyesight. (SInv)
You cover ground extremely quickly. (Speed+++)
Your flesh is cold resistant. (rC+)
You are dopey. (Int -2)


Message History

You barely miss the gnoll.
The gnoll is heavily wounded.
The gnoll is no longer moving quickly.
You block the gnoll's attack.
You barely miss the gnoll.
The gnoll is heavily wounded.
You block the gnoll's attack.
You barely miss the gnoll.
The gnoll is heavily wounded.
The gnoll completely misses you. The gnoll misses you.
You hit the gnoll. You freeze the gnoll.
The gnoll is severely wounded.
The gnoll is no longer moving quickly.
The gnoll bouda gazes fiercely through you!
You feel as though you will be weak longer.
You block the gnoll bouda's attack. The gnoll completely misses you.
The gnoll closely misses you.
You hit the gnoll but do no damage.
The gnoll is severely wounded.
The gnoll bouda gazes fiercely through you!
You feel as though you will be weak longer.
You block the gnoll bouda's attack.
The gnoll hits you with a +2 spear of flaming.
The gnoll burns you.
You completely miss the gnoll.
The gnoll is heavily wounded.
The gnoll hits you from afar with a +0 spear.
You block the gnoll bouda's attack. You block the gnoll's attack.
The gnoll barely misses you.
You completely miss the gnoll.
The gnoll is heavily wounded.
The gnoll bouda hits you with a +0 club.
* * * LOW HITPOINT WARNING * * *
The gnoll barely misses you.
The gnoll hits you from afar with a +0 spear.
* * * LOW HITPOINT WARNING * * *
You hit the gnoll but do no damage.
The gnoll is heavily wounded.
The gnoll bouda closely misses you.
The gnoll hits you with a +2 spear of flaming!
You die...

###.###.#......###### ...
#.....###.#.......# ...
####### #(#.#####.# ...
#.#.#####.# ... #######
#..).(.##.## ... #....)#
###........###..$
#.....#####......(.......
#..)..g.##...............
#.....#g@gS..............
#.....####.#.#####.#.#...
####### #.#.# #>#.#...
#.#.. ..#.#... #.####
####.#... ..# #..... ###


You could see a gnoll bouda, 2 gnolls and a ball python.

Vanquished Creatures
  Robin (D:2)
  2 gnolls (D:4)
  9 adders
  2 dart slugs (D:2)
  5 worms
  5 orcs
  7 endoplasms
  4 giant cockroaches
  12 goblins
  9 hobgoblins
  4 kobolds
  A quokka (D:2)
  12 ball pythons
  4 bats
  4 frilled lizards
  4 rats
85 creatures vanquished.

Notes
Turn   | Place    | Note
-------+----------+-------------------------------------------
     0 | D:1      | styxcanada the Spriggan Brigand began the quest for the
                  | Orb.
     0 | D:1      | Reached XP level 1. HP: 10/10 MP: 2/2
    47 | D:1      | Reached skill level 6 in Stealth
   180 | D:1      | Reached XP level 2. HP: 15/15 MP: 3/3
   333 | D:1      | Found a faded altar of an unknown god.
  1085 | D:2      | Reached XP level 3. HP: 10/18 MP: 2/4
  1349 | D:2      | Reached skill level 7 in Stealth
  1444 | D:2      | Reached XP level 4. HP: 23/23 MP: 5/5
  1852 | D:2      | Found Kanael's Armour Boutique.
  1878 | D:2      | Reached skill level 8 in Stealth
  1889 | D:2      | Noticed Robin
  2534 | D:2      | Killed Robin
  2535 | D:2      | Reached XP level 5. HP: 23/26 MP: 6/6
  3701 | D:4      | Gained mutation: You are dopey. (Int -2) [potion of
                  | mutation]
  3701 | D:4      | Gained mutation: You are clumsy. (Dex -2) [potion of
                  | mutation]
  3701 | D:4      | Gained mutation: Your magical capacity is low. (-10% MP)
                  | [potion of mutation]
  3701 | D:4      | Gained mutation: Your flesh is cold resistant. (rC+)
                  | [potion of mutation]
  4066 | D:3      | Identified a scroll of acquirement
  4066 | D:3      | Acquired the +1 buckler of Untold Secrets {rC+ Regen+}
  4087 | D:3      | Lost mutation: You are clumsy. (Dex -2) [potion of
                  | mutation]
  4087 | D:3      | Lost mutation: Your magical capacity is low. (-10% MP)
                  | [potion of mutation]
  4087 | D:3      | Gained mutation: You have a pair of small horns on your
                  | head. [potion of mutation]
  4087 | D:3      | Lost mutation: You have a pair of small horns on your head.
                  | [potion of mutation]
  4238 | D:4      | Slain by a gnoll

Illustrated notes

Levels and vault maps discovered:
D:1:      roderic_dead_forest, layout_loops_ring,
          ebering_ecumenical_altar_abandoned
D:2:      layout_basic, serial_shops, nicolae_square_shop,
          minmay_misc_feat_ornament, minmay_snake_closets, uniq_robin
D:3:      layout_loops_ring
D:4:      layout_loops_cross

Skill      XL: |  1  2  3  4 |
---------------+-------------+-----
Stealth        | 6 7 8 |  8.6
Fighting       | 2 |  2.3
Dodging        | 2 |  2.6
Short Blades   | |  2.8
Throwing       | |  2.5
Shields        | |  0.7

Action                   |  1- 3 |  4- 6 || total
-------------------------+-------+-------++-------
Melee: Dagger            |    80 |   119 ||   199
Throw: Dart              |     2 |    53 ||    55
  Use: Scroll            |       |     6 ||     6
       Potion            |       |     5 ||     5
 Stab: Sleeping          |     8 |    16 ||    24
       Distracted        |       |     1 ||     1
Armor: Robe              |    10 |    17 ||    27
Dodge: Dodged            |    47 |    86 ||   133
Block: Buckler           |     9 |    44 ||    53
